TOP OF THE 1ST |
Baffin Island Beavers batting - Pitching for Irvine Gang Green : LHP Millard Curtis
|
Pitching: LHP Millard Curtis
|
|
Batting: LHB Chris Bates
|
0-0: Foul Ball, location: 2F 0-1: SINGLE (Groundball, 3D)
|
Batting: LHB Javier Orozco
|
0-0: Ball Chris Bates is caught stealing 2nd base 1-0: Ball 2-0: Called Strike 2-1: Fly out, F9 (Line Drive, 89M)
|
Now in RF: Tony Tavárez
|
|
Batting: RHB Dave Craig
|
0-0: SINGLE (Line Drive, 4D)
|
Batting: RHB Tony Morton
|
0-0: Called Strike 0-1: Ball 1-1: Ball 2-1: Foul Ball, location: 2F 2-2: Foul Ball, location: 2F 2-2: Ball 3-2: Foul Ball, location: 2F 3-2: Foul Ball, location: 2F 3-2: Base on Balls Dave Craig to second
|
Batting: LHB Mario García
|
0-0: Called Strike 0-1: Ground out 5-3 (Groundball, 5D)
|
Top of the 1st over - 0 run(s), 2 hit(s), 0 error(s), 2 left on base; Baffin Island 0 - Irvine 0 |
BOTTOM OF THE 1ST |
Irvine Gang Green batting - Pitching for Baffin Island Beavers : LHP Jaime Guzmán
|
Pitching: LHP Jaime Guzmán
|
|
Batting: RHB José Salazar
|
0-0: Ball 1-0: Fly out, F7 (Line Drive, 7D)
|
Batting: LHB Tony Tavárez
|
0-0: Ball 1-0: Bunt missed! 1-1: Ball 2-1: Ground out 4-3 (Groundball, 4)
|
Batting: RHB Eichiro Yamamoto
|
0-0: Called Strike 0-1: Fly out, F7 (Line Drive, 78M)
|
Bottom of the 1st over - 0 run(s), 0 hit(s), 0 error(s), 0 left on base; Baffin Island 0 - Irvine 0 |
TOP OF THE 2ND |
Baffin Island Beavers batting - Pitching for Irvine Gang Green : LHP Millard Curtis
|
Batting: RHB Raúl Soto
|
0-0: Called Strike 0-1: Called Strike 0-2: Foul Ball, location: 2F 0-2: Ball 1-2: Ball 2-2: Ball 3-2: Fly out, F8 (Flyball, 8RS)
|
Batting: RHB Mario López
|
0-0: Ball 1-0: SINGLE (Groundball, 56) (infield hit)
|
Batting: LHB Mike MacFadden
|
0-0: Called Strike 0-1: Ball 1-1: Called Strike 1-2: Ball 2-2: Foul Ball, location: 2F 2-2: Ball 3-2: SINGLE (Groundball, 4MD) Mario López to second Runner from 2nd tries for 3rd, SAFE, throw made to third
|
Batting: LHB Howard Evans
|
0-0: Called Strike 0-1: Called Strike 0-2: Ball 1-2: Foul Ball, location: 2F 1-2: Ball 2-2: Fielders Choice at 2nd, 4-6 (Groundball, 34) Mario López scores
|
Batting: LHB Chris Bates
|
0-0: Ground out U3 (Groundball, 34)
|
Top of the 2nd over - 1 run(s), 2 hit(s), 0 error(s), 1 left on base; Baffin Island 1 - Irvine 0 |
BOTTOM OF THE 2ND |
Irvine Gang Green batting - Pitching for Baffin Island Beavers : LHP Jaime Guzmán
|
Batting: LHB Jorge Martínez
|
0-0: Ball 1-0: Ball 2-0: Ball 3-0: Called Strike 3-1: Foul Ball, location: 2F 3-2: Base on Balls
|
Batting: RHB Rich Ruffin
|
0-0: Ball 1-0: Ball 2-0: Ball 3-0: Called Strike 3-1: Foul Ball, location: 2F 3-2: Strikes out swinging
|
Batting: RHB Tyler Wagner
|
0-0: SINGLE (Line Drive, 78M) Jorge Martínez to second
|
Batting: LHB Víctor Quiñones
|
0-0: Ball 1-0: Swinging Strike 1-1: Ball 2-1: Called Strike 2-2: Grounds into double play, 4-6-3 (Groundball, 4)
|
Bottom of the 2nd over - 0 run(s), 1 hit(s), 0 error(s), 1 left on base; Baffin Island 1 - Irvine 0 |
TOP OF THE 3RD |
Baffin Island Beavers batting - Pitching for Irvine Gang Green : LHP Millard Curtis
|
Batting: LHB Javier Orozco
|
0-0: Foul Ball, location: 2F 0-1: Ball 1-1: Fly out, F9 (Flyball, 89XD)
|
Batting: RHB Dave Craig
|
0-0: Called Strike 0-1: Foul Ball, location: 2F 0-2: Foul Ball, location: 2F 0-2: Ball 1-2: Ball 2-2: Ball 3-2: Fly out, F8 (Flyball, 8LM)
|
Batting: RHB Tony Morton
|
0-0: Called Strike 0-1: Ball 1-1: SOLO HOME RUN (Flyball, 78XD), Distance : 434 ft
|
Batting: LHB Mario García
|
0-0: Ball 1-0: Called Strike 1-1: Ball 2-1: Fly out, F8 (Line Drive, 8LD)
|
Top of the 3rd over - 1 run(s), 1 hit(s), 0 error(s), 0 left on base; Baffin Island 2 - Irvine 0 |
BOTTOM OF THE 3RD |
Irvine Gang Green batting - Pitching for Baffin Island Beavers : LHP Jaime Guzmán
|
Batting: RHB Ronnie Brown
|
0-0: Fly out, F9 (Flyball, 9S)
|
Batting: RHB Tom Doherty
|
0-0: Ball 1-0: Ball 2-0: SINGLE (Groundball, 56D)
|
Batting: RHB José Salazar
|
0-0: Ball 1-0: Foul Ball, location: 2F 1-1: Called Strike 1-2: Ball 2-2: Ball 3-2: Fly out, F7 (Flyball, 7S)
|
Batting: LHB Tony Tavárez
|
0-0: Ball 1-0: Called Strike 1-1: Fly out, F8 (Line Drive, 8LM)
|
Bottom of the 3rd over - 0 run(s), 1 hit(s), 0 error(s), 1 left on base; Baffin Island 2 - Irvine 0 |
TOP OF THE 4TH |
Baffin Island Beavers batting - Pitching for Irvine Gang Green : LHP Millard Curtis
|
Batting: RHB Raúl Soto
|
0-0: Called Strike 0-1: Swinging Strike 0-2: Ball 1-2: Ball 2-2: Ball 3-2: SOLO HOME RUN (Flyball, 78XD), Distance : 472 ft
|
Batting: RHB Mario López
|
0-0: Ball 1-0: Foul Ball, location: 2F 1-1: Fly out, F8 (Flyball, 8LS)
|
Batting: LHB Mike MacFadden
|
0-0: Ball 1-0: Foul Ball, location: 2F 1-1: Fly out, F5 (Flyball, 5L)
|
Batting: LHB Howard Evans
|
0-0: Called Strike 0-1: Called Strike 0-2: Ball 1-2: Ball 2-2: Ground out 3-1 (Groundball, 34S)
|
Top of the 4th over - 1 run(s), 1 hit(s), 0 error(s), 0 left on base; Baffin Island 3 - Irvine 0 |
BOTTOM OF THE 4TH |
Irvine Gang Green batting - Pitching for Baffin Island Beavers : LHP Jaime Guzmán
|
Batting: RHB Eichiro Yamamoto
|
0-0: Called Strike 0-1: Ball 1-1: Foul Ball, location: 2F 1-2: Strikes out swinging
|
Batting: LHB Jorge Martínez
|
0-0: Ball 1-0: Ball 2-0: Called Strike 2-1: Ball 3-1: Foul Ball, location: 2F 3-2: Ground out 5-3 (Groundball, 56S)
|
Batting: RHB Rich Ruffin
|
0-0: Foul Ball, location: 2F 0-1: Ball 1-1: Ball 2-1: SINGLE (Line Drive, 34D)
|
Batting: RHB Tyler Wagner
|
0-0: Fly out, F8 (Line Drive, 8RS)
|
Bottom of the 4th over - 0 run(s), 1 hit(s), 0 error(s), 1 left on base; Baffin Island 3 - Irvine 0 |
TOP OF THE 5TH |
Baffin Island Beavers batting - Pitching for Irvine Gang Green : LHP Millard Curtis
|
Batting: LHB Chris Bates
|
0-0: Ball 1-0: SINGLE (Groundball, 34D)
|
Batting: LHB Javier Orozco
|
0-0: Ball 1-0: Fielders Choice at 2nd, 4-6 (Groundball, 4)
|
Batting: RHB Dave Craig
|
0-0: Called Strike 0-1: Called Strike 0-2: Ground out 4-3 (Groundball, 4MS) Javier Orozco to second
|
Batting: RHB Tony Morton
|
0-0: Intentional Walk
|
Batting: LHB Mario García
|
0-0: Ball 1-0: Foul Ball, location: 2F 1-1: Swinging Strike 1-2: Foul Ball, location: 2F 1-2: Strikes out swinging
|
Top of the 5th over - 0 run(s), 1 hit(s), 0 error(s), 2 left on base; Baffin Island 3 - Irvine 0 |
BOTTOM OF THE 5TH |
Irvine Gang Green batting - Pitching for Baffin Island Beavers : LHP Jaime Guzmán
|
Batting: LHB Víctor Quiñones
|
0-0: Called Strike 0-1: Ball 1-1: Ball 2-1: Ball 3-1: Ground out 1-3 (Groundball, 15S)
|
Batting: RHB Ronnie Brown
|
0-0: Ground out 5-3 (Groundball, 56)
|
Batting: RHB Tom Doherty
|
0-0: Called Strike 0-1: Foul Ball, location: 2F 0-2: Ball 1-2: Ball 2-2: Fly out, F8 (Flyball, 8LM)
|
Bottom of the 5th over - 0 run(s), 0 hit(s), 0 error(s), 0 left on base; Baffin Island 3 - Irvine 0 |
TOP OF THE 6TH |
Baffin Island Beavers batting - Pitching for Irvine Gang Green : LHP Millard Curtis
|
Batting: RHB Raúl Soto
|
0-0: Fly out, F3 (Popup, 3S)
|
Batting: RHB Mario López
|
0-0: Ground out 6-3 (Groundball, 6)
|
Batting: LHB Mike MacFadden
|
0-0: Ground out 4-3 (Groundball, 4M)
|
Top of the 6th over - 0 run(s), 0 hit(s), 0 error(s), 0 left on base; Baffin Island 3 - Irvine 0 |
BOTTOM OF THE 6TH |
Irvine Gang Green batting - Pitching for Baffin Island Beavers : LHP Jaime Guzmán
|
Batting: RHB José Salazar
|
0-0: Ball 1-0: Called Strike 1-1: DOUBLE (Groundball, 5L)
|
Batting: LHB Tony Tavárez
|
0-0: Called Strike 0-1: SINGLE (Line Drive, 8LS) José Salazar to third
|
Batting: RHB Eichiro Yamamoto
|
0-0: Ball 1-0: Ball 2-0: Called Strike 2-1: Foul Ball, location: 2F 2-2: Fly out, F5 (Popup, 5S)
|
Batting: LHB Jorge Martínez
|
0-0: Called Strike 0-1: Called Strike 0-2: Fly out, F3 (Popup, 3L)
|
Batting: RHB Rich Ruffin
|
0-0: Ball 1-0: Ball 2-0: Called Strike 2-1: DOUBLE (Line Drive, 9LS) José Salazar scores Tony Tavárez to third Runner from 3rd tries for Home, SAFE, no throw
|
Batting: RHB Tyler Wagner
|
0-0: Ground out 1-3 (Groundball, 15S)
|
Bottom of the 6th over - 2 run(s), 3 hit(s), 0 error(s), 1 left on base; Baffin Island 3 - Irvine 2 |
TOP OF THE 7TH |
Baffin Island Beavers batting - Pitching for Irvine Gang Green : LHP Millard Curtis
|
Batting: LHB Howard Evans
|
0-0: Ball 1-0: Ball 2-0: Ground out 4-3 (Groundball, 34)
|
Batting: LHB Chris Bates
|
0-0: Ball 1-0: Ball 2-0: Called Strike 2-1: Foul Ball, location: 2F 2-2: Foul Ball, location: 2F 2-2: Strikes out swinging
|
Batting: LHB Javier Orozco
|
0-0: Swinging Strike 0-1: Ball 1-1: DOUBLE (Line Drive, 8RXD)
|
Batting: RHB Dave Craig
|
0-0: Ball 1-0: Called Strike 1-1: Foul Ball, location: 2F 1-2: Ground out 6-3 (Groundball, 6)
|
Top of the 7th over - 0 run(s), 1 hit(s), 0 error(s), 1 left on base; Baffin Island 3 - Irvine 2 |
BOTTOM OF THE 7TH |
Irvine Gang Green batting - Pitching for Baffin Island Beavers : LHP Jaime Guzmán
|
Batting: LHB Víctor Quiñones
|
0-0: Called Strike 0-1: Foul Ball, location: 2F 0-2: Foul Ball, location: 2F 0-2: Ball 1-2: SINGLE (Groundball, 4MD)
|
Pitching: RHP Felipe Reyes
|
|
Pinch Hitting: LHB Jesús Campos
|
0-0: Ball 1-0: 2-RUN HOME RUN (Flyball, 8RXD), Distance : 455 ft
|
Batting: RHB Tom Doherty
|
0-0: Called Strike 0-1: Ball 1-1: Foul Ball, location: 2F 1-2: Ball 2-2: Foul Ball, location: 2F 2-2: Ground out 5-3 (Groundball, 56)
|
Pitching: RHP Luis Féliz
|
|
Batting: RHB José Salazar
|
0-0: Called Strike 0-1: Fly out, F9 (Flyball, 9LS)
|
Batting: LHB Tony Tavárez
|
0-0: Fly out, F7 (Flyball, 7)
|
Bottom of the 7th over - 2 run(s), 2 hit(s), 0 error(s), 0 left on base; Baffin Island 3 - Irvine 4 |
TOP OF THE 8TH |
Baffin Island Beavers batting - Pitching for Irvine Gang Green : LHP Millard Curtis
|
Pitching: LHP Santiago González
|
|
Now at SS: Bill Murphy
|
|
Batting: RHB Tony Morton
|
0-0: Ball 1-0: Ball 2-0: Foul Ball, location: 2F 2-1: Ball 3-1: Base on Balls
|
Batting: LHB Mario García
|
0-0: Ball 1-0: Ball 2-0: Ball 3-0: Called Strike 3-1: Ground out 6-3 (Groundball, 6MS) Tony Morton to second
|
Pitching: RHP Raúl Saltines
|
|
Batting: RHB Raúl Soto
|
0-0: Ball 1-0: Swinging Strike 1-1: Called Strike 1-2: Ball 2-2: Ball 3-2: Strikes out swinging
|
Batting: RHB Mario López
|
0-0: Ball 1-0: Ball 2-0: Ball 3-0: Called Strike 3-1: Base on Balls
|
Pitching: LHP Yu-shu Kong
|
|
Batting: LHB Mike MacFadden
|
0-0: Called Strike 0-1: SINGLE (Groundball, 56S) (infield hit) Tony Morton to third Mario López to second
|
Pinch Hitting: RHB Pedro Molina
|
0-0: Foul Ball, location: 2F 0-1: Ball 1-1: Fielders Choice at 2nd, 5-4 (Groundball, 56)
|
Top of the 8th over - 0 run(s), 1 hit(s), 0 error(s), 2 left on base; Baffin Island 3 - Irvine 4 |
BOTTOM OF THE 8TH |
Irvine Gang Green batting - Pitching for Baffin Island Beavers : RHP Luis Féliz
|
Now at 3B: Ángelo García
|
|
Batting: RHB Eichiro Yamamoto
|
0-0: Ball 1-0: Called Strike 1-1: Fly out, F9 (Flyball, 9)
|
Batting: LHB Jorge Martínez
|
0-0: Foul Ball, location: 2F 0-1: Called Strike 0-2: Ball 1-2: Ball 2-2: SINGLE (Groundball, 6D)
|
Batting: RHB Rich Ruffin
|
0-0: Ball 1-0: Ball 2-0: Fly out, F9 (Flyball, 9)
|
Pinch Hitting: LHB Leonardo Medina
|
0-0: Called Strike 0-1: Foul Ball, location: 2F 0-2: Ball 1-2: Foul Ball, location: 2F 1-2: Foul Ball, location: 2F 1-2: Ball 2-2: Foul Ball, location: 2F 2-2: Foul Ball, location: 2F 2-2: Fielders Choice at 2nd, 4-6 (Groundball, 4)
|
Bottom of the 8th over - 0 run(s), 1 hit(s), 0 error(s), 0 left on base; Baffin Island 3 - Irvine 4 |
TOP OF THE 9TH |
Baffin Island Beavers batting - Pitching for Irvine Gang Green : LHP Yu-shu Kong
|
Pitching: RHP Mike Fisher
|
|
Now in LF: Leonardo Medina
|
|
Batting: LHB Chris Bates
|
0-0: Called Strike 0-1: Ball 1-1: Ground out U3 (Groundball, 34)
|
Pinch Hitting: LHB Keng-chi Lao
|
0-0: Called Strike 0-1: Foul Ball, location: 2F 0-2: Foul Ball, location: 2F 0-2: Ground out U3 (Groundball, 3S)
|
Batting: RHB Dave Craig
|
0-0: Called Strike 0-1: Ball 1-1: Called Strike 1-2: Strikes out swinging
|
Top of the 9th over - 0 run(s), 0 hit(s), 0 error(s), 0 left on base; Baffin Island 3 - Irvine 4 |
|